 Dungeon Crawl Stone Soup version 0.31-a0-466-g98c9adc2b6 (webtiles) character file.

Game seed: 11010651760689104300

664 Ethylacetat the Insei (level 7, -8/37 HPs)
             Began as a Vine Stalker Monk on Aug 4, 2023.
             Was a Follower of Ru.
             Mangled by an orc warrior
             ... wielding a +0 morningstar
              (11 damage)
             ... on level 5 of the Dungeon.
             The game lasted 00:10:35 (3864 turns).

Ethylacetat the Insei (Vine Stalker Monk)           Turns: 3864, Time: 00:10:35

Health: -8/37      AC:  2    Str: 14    XL:     7   Next: 57%
Magic:  0/22       EV: 13    Int: 10    God:    Ru [*.....]
Gold:   134        SH:  0    Dex: 18    Spells: 12/12 levels left

rFire   . .          .
                       - Unarmed
rCold   . . .        c - orb {light}
rNeg    . . .        a - +0 robe
rPois   .            (helmet currently unavailable)
rElec   .            (cloak currently unavailable)
rCorr   .            (gloves currently unavailable)
SInv    +            (boots currently unavailable)
Will    .....        (no amulet)
Stlth   +            j - ring of see invisible
HPRegen 1.06/turn    r - ring of magical power
MPRegen 0.18/turn

%: guardian spirit
@: confused, beast-form, ambrosia-drunk, glowing, unable to read
A: beast (slay +2), fangs 2, regeneration 1, magic shield, antimagic bite, no
potion heal 2, inability to read after injury 2
a: Begin Untransformation, Renounce Religion


You were on level 5 of the Dungeon.
You worshipped Ru.
Ru was aware of your devotion.
You were a hulking beast.
You visited 2 branches of the dungeon, and saw 6 of its levels.
You also visited: Sewer.

You collected 134 gold pieces.

Inventory:

Armour
 a - a +0 robe (worn)
 c - an orb of light (worn)
Jewellery
 j - a ring of see invisible (left hand)
 r - a ring of magical power (right hand)
Talismans
 o - a beast talisman (active)
Wands
 m - a wand of quicksilver (5)
 q - a wand of roots (5)
Scrolls
 f - a scroll of fear {unknown}
Potions
 e - 2 potions of enlightenment
 g - a potion of attraction {unknown}
 h - a potion of haste
 i - a potion of magic {unknown}
 k - a potion of brilliance {unknown}
 l - a potion of lignification {unknown}
 p - 2 potions of mutation {unknown}


   Skills:
 + Level 4.2 Fighting
 - Level 2.5 Dodging
 + Level 5.3 Unarmed Combat
 + Level 3.4 Spellcasting
 * Level 3.0 Shapeshifting


You had 12 spell levels left.
You didn't know any spells.
Your spell library contained the following spells:

 Spells                   Type           Power      Damage    Failure   Level
 Sublimation of Blood     Necr           1%         N/A       38%         2
 Wereblood                Tmut           1%         N/A       38%         2
 Summon Hydra             Summ           0%         N/A       100%        7


Dungeon Overview and Level Annotations

Branches:
Dungeon (5/15)             Temple (1/1) D:4           Sewer (visited)

Altars:
Ashenzari
Cheibriados
Dithmenos
Elyvilon
Fedhas
Gozag
Hepliaklqana
Kikubaaqudgha
Nemelex Xobeh
Okawaru
Ru
Sif Muna
Trog
Uskayaw
Vehumet
Wu Jian
Xom
Yredelemnul
Zin
The Shining One

Shops:
D:2 [


Innate Abilities, Weirdness & Mutations

You are a hulking beast.
Your limbs bulge with bestial killing power. (Slay +2)
You have extremely sharp teeth.
Your natural rate of healing is unusually fast.
When hurt, damage is shared between your health and your magic reserves.
Your bite disrupts and absorbs the magic of your enemies.
Potions cannot restore your health.
You sometimes lose the ability to read scrolls when taking damage.


Message History

You bump into the rock wall.
The orc warrior completely misses you.
The orc wizard gestures wildly while chanting.
The orc wizard flickers and vanishes for a moment.
You bump into the rock wall.
The orc warrior hits you with a +0 morningstar!
* * * LOW HITPOINT WARNING * * *
The orc warrior attacks as you move away!
The orc warrior barely misses you.
You bump into the rock wall.
The orc warrior hits you with a +0 morningstar!!
* * * LOW HITPOINT WARNING * * *
You hit the orc warrior but do no damage.
The orc warrior is severely wounded.
The orc warrior closely misses you.
The orc wizard hits you with a +0 dagger.
* * * LOW HITPOINT WARNING * * *
You closely miss the orc warrior. You bite the orc warrior.
You drain its power.
You feel invigorated.
The orc warrior is severely wounded.
You feel less invigorated.
You feel less confused. The orc warrior closely misses you.
The orc wizard points at you and mumbles some strange words.
You easily resist.
You barely miss the orc warrior.
You bite the orc warrior, but do no damage.
The orc warrior is severely wounded.
The orc warrior hits you with a +0 morningstar!
* * * LOW HITPOINT WARNING * * *
The orc wizard casts a spell at you. The puff of flame misses you.
You hit the orc warrior but do no damage.
The orc warrior is severely wounded.
The orc warrior hits you with a +0 morningstar!
* * * LOW HITPOINT WARNING * * *
Unknown command.
You are confused.
Your system rejects the healing.
You feel invigorated.
The orc warrior hits you with a +0 morningstar!!
You die...

#.........##............##
##....
#........###............#
##..... ##......##
###.........## #......
#......# #####.#####
##...... ##.....# ##.#
#....... #.....# #.##
#....... ##...## ##o#
#<...... #.^.# #oo####
##...... ##.## ##ho...##
#....[. ### #..##...#
#.....# #..###### ##..###
##.## #### #..# #.## ###


You could see an orc warrior, an orc wizard (invisible) and 2 orcs.

Vanquished Creatures
  A water moccasin (D:5)
  An orc warrior (D:5)
  A kobold brigand (Sewer)
  A howler monkey (D:4)
  A hound (D:5)
  2 jellies
  Natasha (thrice) (D:2)
  A gnoll (D:3)
  2 adders (D:5)
  4 river rats (Sewer)
  An ufetubus (D:5)
  4 worms
  3 dart slugs
  16 orcs
  6 ball pythons
  6 bats
  11 endoplasms
  2 giant cockroaches
  11 goblins
  6 hobgoblins
  5 jackals
  3 quokkas
  A frilled lizard (D:3)
  9 kobolds
  6 rats
107 creatures vanquished.

Notes
Turn   | Place    | Note
-------+----------+-------------------------------------------
     0 | D:1      | Ethylacetat the Vine Stalker Monk began the quest for the
                  | Orb.
     0 | D:1      | Reached XP level 1. HP: 11/11 MP: 2/2
   116 | D:1      | Reached XP level 2. HP: 16/16 MP: 3/3
   626 | D:1      | Reached XP level 3. HP: 18/20 MP: 5/5
  1105 | D:2      | Noticed Natasha
  1111 | D:2      | Killed Natasha
  1112 | D:2      | Reached skill level 1 in Spellcasting
  1118 | D:2      | Gained mutation: Your natural rate of healing is unusually
                  | fast. [Vine Stalker growth]
  1118 | D:2      | Reached XP level 4. HP: 22/24 MP: 4/6
  1135 | D:2      | Noticed Natasha
  1142 | D:2      | Killed Natasha
  1143 | D:2      | Reached skill level 4 in Unarmed Combat
  1190 | D:2      | Found Adaihimi's Antique Armour Emporium.
  1281 | D:2      | Noticed Natasha
  1294 | D:2      | Killed Natasha
  1593 | D:2      | Reached XP level 5. HP: 28/28 MP: 8/8
  2276 | D:3      | Found a glowing drain.
  2285 | Sewer    | Entered a sewer
  2400 | Sewer    | Noticed a kobold brigand
  2408 | Sewer    | Reached skill level 1 in Shapeshifting
  2410 | Sewer    | Killed a kobold brigand
  2411 | Sewer    | Reached XP level 6. HP: 33/33 MP: 10/10
  2438 | Sewer    | Found a white marble altar of Elyvilon.
  3029 | D:4      | Reached skill level 5 in Unarmed Combat
  3111 | D:4      | Found a sacrificial altar of Ru.
  3120 | D:4      | Became a worshipper of Ru the Awakened
  3131 | D:4      | Gained mutation: You occasionally lose the ability to read
                  | scrolls when taking damage. [Ru sacrifice]
  3131 | D:4      | Gained mutation: You sometimes lose the ability to read
                  | scrolls when taking damage. [Ru sacrifice]
  3131 | D:4      | Reached * piety under Ru
  3178 | D:4      | Found a staircase to the Ecumenical Temple.
  3189 | Temple   | Entered the Ecumenical Temple
  3312 | D:5      | Entered Level 5 of the Dungeon
  3312 | D:5      | Noticed an orc warrior
  3319 | D:5      | Killed an orc warrior
  3320 | D:5      | Reached XP level 7. HP: 28/37 MP: 12/12
  3863 | D:5      | HP: 1/37 [orc warrior/+0 morningstar (3)]
  3864 | D:5      | Mangled by an orc warrior

Illustrated notes

Levels and vault maps discovered:
D:1:      psy_arrival_whirlpool, layout_loops_corners, hangedman_decor_lopped
D:2:      layout_loops_corners, serial_shops, shop, uniq_natasha
D:3:      layout_loops_ring, cheibrodos_sewer_entry_bend, minmay_starry_boxes
D:4:      layout_cave_pools, lemuel_round_altar,
          minmay_temple_entry_purple_smoke
D:5:      layout_cave_pods, serial_shops, nicolae_diamond_shop, uniq_ijyb
Temple:   compressed_dpeg_triangle_lava_temple

Skill      XL: |  1  2  3  4  5  6  7 |
---------------+----------------------+-----
Fighting       | 3 4 |  4.2
Spellcasting   | 1 2 3 |  3.4
Unarmed Combat | 4 5 |  5.3
Shapeshifting  | 1 2 3 |  3.0
Dodging        | |  2.5

Action                     |  1- 3 |  4- 6 |  7- 9 || total
---------------------------+-------+-------+-------++-------
  Melee: Unarmed           |    51 |   155 |    56 ||   262
         Bite              |    17 |    62 |    26 ||   105
 Invoke: Sacrifice Words   |       |     1 |       ||     1
  Evoke: Wand              |       |     5 |       ||     5
    Use: Scroll            |       |     5 |       ||     5
         Potion            |       |     1 |     4 ||     5
 Armour: Robe              |     6 |     9 |     2 ||    17
  Dodge: Dodged            |    30 |    82 |    41 ||   153
   Form: Beast             |       |     1 |       ||     1

Table legend: (Time is in decaauts)
 A = Elapsed time spent in this place.
 B = Non-inter-level travel time spent in this place.
 C = Inter-level travel time spent in this place.
 D = Time resting spent in this place.
 E = Time spent auto-exploring this place.
 F = Levels seen in this place.
 G = Mean time per level.
                   A        B        C        D        E       F      G
               +--------+--------+--------+--------+--------+-----+--------+
         Total |   3862 |   3767 |     95 |     40 |   2901 |   7 |  551.7 |
       Dungeon |   3646 |   3551 |     95 |     21 |   2777 |   5 |  729.2 |
        Temple |      1 |      1 |      0 |      0 |      0 |   1 |    1.0 |
         Sewer |    214 |    214 |      0 |     19 |    124 |   1 |  214.0 |
               +--------+--------+--------+--------+--------+-----+--------+

Top non-repeatable levels by time:
     D:1: 930 daAuts
     D:2: 878 daAuts
     D:3: 824 daAuts
     D:5: 531 daAuts
     D:4: 480 daAuts
   Sewer: 214 daAuts
  Temple: 1 daAuts
